 Dungeon Crawl Stone Soup version 0.28-a0-479-g5baa6b73be (webtiles) character file.

Game seed: 12908036965072816287

69 mg7810 the Skirmisher (level 4, 0/35 HPs)
             Began as a Demonspawn Monk on Sept 18, 2021.
             Slain by an iguana (11 damage)
             ... on level 4 of the Dungeon.
             The game lasted 00:06:38 (3290 turns).

mg7810 the Skirmisher (Demonspawn Monk)             Turns: 3290, Time: 00:06:38

Health: 0/35       AC:  5    Str: 13    XL:     4   Next: 2%
Magic:  4/4        EV: 12    Int: 11    God:
Gold:   204        SH:  0    Dex: 15    Spells: 3/3 levels left

rFire   . . .      SeeInvis .   c - +0 whip (elec)
rCold   . . .      Faith    .   (no shield)
rNeg    . . .      Spirit   .   k - +0 ring mail
rPois   .          Reflect  .   (no helmet)
rElec   .          Harm     .   (no cloak)
rCorr   .          Rampage  .   (no gloves)
Will    .....                   (no boots)
Stlth   ++........              (no amulet)
HPRegen 0.11/turn               (no ring)
MPRegen 0.18/turn               (no ring)

@: no status effects
A: claws 1, magic regeneration, sturdy frame 1
a: no special abilities


You were on level 4 of the Dungeon.
You visited 1 branch of the dungeon, and saw 4 of its levels.

You collected 204 gold pieces.

Inventory:

Hand Weapons
 a - a +0 hand axe
 c - a +0 whip of electrocution (weapon)
Missiles
 e - 17 poisoned darts (quivered)
Armour
 k - a +0 ring mail (worn)
Wands
 o - a wand of polymorph (9)
Scrolls
 g - a scroll of identify
 h - 3 scrolls of teleportation {unknown}
 j - a scroll of enchant armour {unknown}
 m - 3 scrolls of amnesia {unknown}
 n - a scroll of silence {unknown}
Potions
 b - 2 potions of haste {unknown}
 d - 2 potions of flight
 f - a potion of curing {unknown}
 i - a potion of invisibility {unknown}
 l - a potion of resistance {unknown}


   Skills:
 + Level 3.4 Fighting
 + Level 2.9(3.0) Axes
 + Level 0.7(2.0) Maces & Flails
 * Level 0.9 Armour
 + Level 3.0 Dodging
 - Level 2.0 Stealth
 * Level 1.4 Unarmed Combat


You had 3 spell levels left.
You didn't know any spells.
Your spell library contained the following spells:

 Spells                   Type           Power      Damage    Failure   Level
 Magic Dart               Conj           0%         1d3       45%         1
 Sting                    Tmut/Pois      0%         1d3       45%         1
 Call Imp                 Summ           0%         N/A       61%         2
 Poisonous Vapours        Pois/Air       0%         N/A       61%         2
 Mephitic Cloud           Conj/Pois/Air  0%         N/A       83%         3
 Olgreb's Toxic Radiance  Pois           0%         N/A       99%         4


Dungeon Overview and Level Annotations

Branches:
Dungeon (4/15)
 Temple: D:4-7

Altars:
Hepliaklqana


Innate Abilities, Weirdness & Mutations

You have sharp fingernails.
You regenerate magic rapidly.
Your movements are slightly less encumbered by armour. (ER -2)


Message History

The endoplasm freezes you.
You are frozen.
You hit the endoplasm.
You kill the endoplasm!
You have reached level 4!
You feel stronger.
Your demonic ancestry asserts itself...
Your fingernails lengthen.
You hit the giant cockroach.
Lightning courses through the giant cockroach!
You kill the giant cockroach!
You see here a giant cockroach corpse.
The iguana hisses angrily.
Hit: c) +0 whip (elec)
Press: ? - help, Dir - move target, f - you
Okay, then.
Unknown command.
o - a wand of polymorph (9)
You closely miss the iguana. The iguana barely misses you.
You hit the iguana.
The iguana is lightly wounded.
The iguana bites you!
You barely miss the iguana.
The iguana is lightly wounded.
The iguana misses you.
You barely miss the iguana.
The iguana is lightly wounded.
The iguana barely misses you.
You barely miss the iguana.
The iguana is lightly wounded.
The iguana bites you.
You barely miss the iguana.
The iguana is lightly wounded.
The iguana bites you.
You hit the iguana but do no damage. You claw the iguana, but do no damage.
The iguana is lightly wounded.
The iguana barely misses you.
You hit the iguana but do no damage.
The iguana is lightly wounded.
The iguana bites you!
You die...

#. #.. #.# #.# ##.#
##############..#
................#######
### #####.....###.......#
..####.........#@#.l.###.#
...............##l##..##
#.####.####......#.#.†.#
#.# #.# #......##.##...#
#.# #.# ######...#.#...#
..# #.# #...##.###.#
.......# ##....#.. #..
######## #.#..#... ..#
#)#..# $$# ##


You could see an iguana.

Vanquished Creatures
  An ufetubus (D:4)
  A worm (D:3)
  A dart slug (D:3)
  4 ball pythons
  3 endoplasms
  4 giant cockroaches
  9 goblins
  7 hobgoblins
  6 kobolds
  5 quokkas
  4 bats
  4 frilled lizards
  2 rats
51 creatures vanquished.

Notes
Turn   | Place    | Note
-------+----------+-------------------------------------------
     0 | D:1      | mg7810 the Demonspawn Monk began the quest for the Orb.
     0 | D:1      | Reached XP level 1. HP: 18/18 MP: 1/1
   231 | D:1      | Gained mutation: Your movements are slightly less
                  | encumbered by armour. (ER -2) [demonic ancestry]
   231 | D:1      | Reached XP level 2. HP: 20/24 MP: 2/2
   966 | D:1      | Reached skill level 1 in Unarmed Combat
   977 | D:1      | Gained mutation: You regenerate magic rapidly. [demonic
                  | ancestry]
   977 | D:1      | Reached XP level 3. HP: 27/29 MP: 3/3
  1560 | D:2      | Found a faded altar of an unknown god.
  1939 | D:2      | Found a hazy altar of Hepliaklqana.
  3271 | D:4      | Gained mutation: You have sharp fingernails. [demonic
                  | ancestry]
  3271 | D:4      | Reached XP level 4. HP: 23/35 MP: 4/4
  3290 | D:4      | Slain by an iguana

Illustrated notes

Levels and vault maps discovered:
D:1:      nzn_arrival_crosshair, layout_rooms
D:2:      layout_loops_corners, basic_altar,
          hellmonk_ecumenical_altar_leap_of_faith
D:3:      layout_loops_ring
D:4:      layout_basic, minmay_vboxes, uniq_pikel, uniq_edmund

Skill      XL: |  1  2  3 |
---------------+----------+-----
Unarmed Combat | 1 |  1.4
Dodging        | 3 |  3.0
Stealth        | 2 |  2.0
Fighting       | |  3.4
Axes           | |  2.9
Maces & Flails | |  0.7
Armour         | |  0.9

Action                   |  1- 3 |  4- 6 || total
-------------------------+-------+-------++-------
Melee: Hand axe          |    29 |       ||    29
       Whip              |   128 |     9 ||   137
       Punch             |       |     1 ||     1
  Use: Scroll            |     1 |       ||     1
 Stab: Sleeping          |     6 |       ||     6
Armor: Robe              |    11 |       ||    11
       Leather armour    |     2 |       ||     2
       Ring mail         |    20 |       ||    20
Dodge: Dodged            |    97 |     4 ||   101

Table legend: (Time is in decaauts)
 A = Elapsed time spent in this place.
 B = Non-inter-level travel time spent in this place.
 C = Inter-level travel time spent in this place.
 D = Time resting spent in this place.
 E = Time spent auto-exploring this place.
 F = Levels seen in this place.
 G = Mean time per level.
                   A        B        C        D        E       F      G
               +--------+--------+--------+--------+--------+-----+--------+
         Total |   3295 |   3220 |     75 |      0 |   2683 |   4 |  823.8 |
       Dungeon |   3295 |   3220 |     75 |      0 |   2683 |   4 |  823.8 |
               +--------+--------+--------+--------+--------+-----+--------+

Top non-repeatable levels by time:
     D:1: 1132 daAuts
     D:2: 1065 daAuts
     D:3: 982 daAuts
     D:4: 114 daAuts
